 Dungeon Crawl Stone Soup version 0.23.1-37-gaa34b87b72 (webtiles) character file.

Game seed: 16234429020385790864

4564 PentaManta the Slinger (level 10, -2/72 HPs)
             Began as a Halfling Hunter on Mar 25, 2019.
             Was a Believer of Okawaru.
             Slain by Harold
             ... wielding a +5 long sword of slicing
              (20 damage)
             ... on level 8 of the Dungeon.
             The game lasted 00:21:38 (8490 turns).

PentaManta the Slinger (Halfling Hunter)            Turns: 8490, Time: 00:21:38

Health: -2/72      AC:  8    Str: 16    XL:     10   Next: 67%
Magic:  10/10      EV: 20    Int:  9    God:    Okawaru [**....]
Gold:   530        SH:  0    Dex: 16    Spells: 9/9 levels left

rFire    + . .     SeeInvis .   a - +2 hunting sling
rCold    . . .     Gourm    .   (shield restricted)
rNeg     + . .     Faith    .   K - +0 ring mail {rF+}
rPois    .         Spirit   .   C - +0 helmet
rElec    .         Reflect  .   (no cloak)
rCorr    +         Harm     +   w - +0 pair of gloves
MR       .....                  o - +0 pair of boots
Stlth    +.........             n - amulet of harm
HPRegen  0.22/turn              d - ring of resist corrosion (curse)
MPRegen  0.12/turn              l - ring of positive energy

@: no status effects
A: small, mutation resistance 1
a: Heroism, Renounce Religion


You were on level 8 of the Dungeon.
You worshipped Okawaru.
Okawaru was pleased with you.
You were hungry.

You visited 2 branches of the dungeon, and saw 9 of its levels.
You also visited: Sewer and Ossuary.

You collected 530 gold pieces.

Inventory:

Hand Weapons
 a - a +2 hunting sling (weapon)
 b - a +0 short sword
Missiles
 e - 172 stones (quivered)
Armour
 o - a +0 pair of boots (worn)
 w - a +0 pair of gloves (worn)
 C - a +0 helmet (worn)
 K - a +0 ring mail of fire resistance (worn)
 L - a +1 buckler
Jewellery
 d - a cursed ring of resist corrosion (left hand)
 k - a +3 ring of evasion
 l - a ring of positive energy (right hand)
 n - an amulet of harm (around neck)
 I - an uncursed amulet of the gourmand {unknown}
 M - a +3 amulet of reflection {unknown}
Wands
 D - a wand of flame (22)
 F - a wand of polymorph (21)
Scrolls
 j - 2 scrolls of teleportation
 m - 3 scrolls of amnesia
 p - 4 scrolls of remove curse
 v - a scroll of blinking
 y - 4 scrolls of identify
 z - a scroll of enchant armour
 E - 3 scrolls of enchant weapon
 H - a scroll of immolation {unknown}
 J - a scroll of fog
 O - a scroll of magic mapping
Potions
 c - a potion of magic {unknown}
 g - a potion of cancellation {unknown}
 h - 8 potions of flight
 i - 2 potions of degeneration {unknown}
 q - a potion of resistance {unknown}
 r - 3 potions of curing {unknown}
 s - 2 potions of lignification {unknown}
 t - 3 potions of haste
 u - a potion of ambrosia {unknown}
 x - 2 potions of brilliance {unknown}
 A - a potion of heal wounds {unknown}
 B - 2 potions of invisibility {unknown}
 G - a potion of mutation {unknown}
 N - a potion of agility {unknown}
Comestibles
 f - 7 rations


   Skills:
 + Level 7.8 Fighting
 - Level 12.6 Slings
 + Level 9.4 Dodging
 - Level 1.1 Stealth
 * Level 4.3 Shields


You had 9 spell levels left.
You didn't know any spells.
Your spell library contained the following spells:

 Spells                   Type           Power        Failure   Level  Hunger
 Magic Dart               Conj           #...         61%         1    ##.....
 Blink                    Tloc           N/A          75%         2    ###....
 Call Imp                 Summ           #.......     75%         2    ###....
 Slow                     Hex            #.......     75%         2    ###....
 Conjure Flame            Conj/Fire      #.......     93%         3    ####...
 Mephitic Cloud           Conj/Pois/Air  #.......     93%         3    ####...


Dungeon Overview and Level Annotations

Branches:
Dungeon (8/15)             Temple (1/1) D:4
   Lair: D:8-11

Altars:
Ashenzari
Cheibriados
Dithmenos
Fedhas
Gozag
Hepliaklqana
Kikubaaqudgha
Makhleb
Nemelex Xobeh
Okawaru
Qazlal
Ru
Sif Muna
Trog
Uskayaw
Vehumet
Wu Jian
Xom
Zin
The Shining One

Annotations:
D:8 Harold


Innate Abilities, Weirdness & Mutations

You are small and have problems with some larger weapons.
You are somewhat resistant to further mutation.


Message History

The two-headed ogre is almost dead.
Firing (i - inventory)
e - 173 stones (quivered)
Press: ? - help, Shift-Dir - straight line, f/p - two-headed ogre
Aim: a two-headed ogre, wielding a +0 giant spiked club and a +0 giant club (almost dead)
You shoot a stone. The stone hits the two-headed ogre!
You kill the two-headed ogre!
Okawaru is honoured by your kill.
Your Shields skill increases to level 4!
Harold throws a throwing net.
The throwing net hits you.
You become entangled in the net!
You struggle against the net.
You struggle against the net.
You struggle against the net.
Harold hits you with a +5 long sword of slicing!
* * * LOW HITPOINT WARNING * * *
You hear a bark!
You shred the net and break free!
A hound comes into view.
Harold hits you with a +5 long sword of slicing!
You die...

#. #.#
#..##...>.########### ...
...##.###.# # ###
##.##.###.## # #.##......#
# #.######).# # #. #..# #
######. #..# # ......h####
#..###### # (((.(((@@.#
#.......# #
@####.###.###.#####.#
#.##...##.# #.#
#......<..# #.#
####.>.#### #.# # ##.##
#.# #..########.# ##†##
#...<.......#
######...####
#.......######......#.....


You could see Harold and a hound.

Vanquished Creatures
  A two-headed ogre (D:8)
  Grinder (D:3)
  Sigmund (D:3)
  Eustachio (D:4)
  A hungry ghost (D:7)
  Edmund (D:5)
  3 orc warriors
  A sky beast (D:5)
  An ice beast (D:5)
  A phantom (D:4)
  3 ogres
  A big kobold (D:8)
  3 centaurs
  2 bullfrogs
  4 water moccasin zombies
  A wyvern skeleton (D:8)
  4 scorpions
  A howler monkey (D:4)
  6 crimson imps
  A bullfrog zombie (D:7)
  2 jellies
  2 hounds
  2 bullfrog skeletons
  A quasit (D:7)
  A centaur skeleton (D:7)
  2 orc wizards
  3 orc priests
  2 iguanas
  Ijyb (D:3)
  6 worker ants
  A merfolk siren (Sewer)
  A merfolk avatar (Sewer)
  2 big kobold zombies (Ossuary)
  2 mummies (Ossuary)
  A worker ant zombie (D:7)
  13 adders
  11 gnolls
  7 river rats
  A shadow imp (D:8)
  2 adder zombies
  2 adder skeletons
  5 worms
  5 dart slugs
  7 leopard geckos
  17 orcs
  8 ball pythons
  10 giant cockroaches
  3 gnoll zombies (Ossuary)
  5 goblins
  10 hobgoblins
  6 jackals
  17 kobolds
  8 quokkas
  9 bats
  10 frilled lizards
  A giant cockroach zombie (D:6)
  11 kobold zombies (Ossuary)
  5 orc zombies (Ossuary)
  25 rats
265 creatures vanquished.

Vanquished Creatures (others)
  4 toadstools (D:1)
4 creatures vanquished.

Grand Total: 269 creatures vanquished

Notes
Turn   | Place    | Note
-------+----------+-------------------------------------------
     0 | D:1      | PentaManta the Halfling Hunter began the quest for the Orb.
     0 | D:1      | Reached XP level 1. HP: 14/14 MP: 1/1
    22 | D:1      | Reached skill level 6 in Slings
    46 | D:1      | Reached XP level 2. HP: 19/19 MP: 2/2
   208 | D:1      | Reached XP level 3. HP: 24/24 MP: 3/3
   604 | D:2      | Reached XP level 4. HP: 30/30 MP: 4/4
   640 | D:2      | Reached skill level 7 in Slings
  1153 | D:2      | Reached XP level 5. HP: 26/35 MP: 5/5
  1964 | D:3      | You fall through a shaft for 3 floors!
  2004 | D:6      | Noticed an orc warrior
  2022 | D:6      | Killed an orc warrior
  2022 | D:6      | Reached skill level 8 in Slings
  2022 | D:6      | Reached XP level 6. HP: 42/42 MP: 6/6
  2320 | D:6      | Noticed an ogre
  2326 | D:6      | Killed an ogre
  2326 | D:6      | Reached XP level 7. HP: 47/47 MP: 7/7
  2434 | D:6      | Reached skill level 9 in Slings
  2434 | D:6      | Reached skill level 5 in Dodging
  2741 | D:5      | Entered Level 5 of the Dungeon
  2741 | D:5      | Noticed Edmund
  2801 | D:5      | Killed Edmund
  2801 | D:5      | Reached XP level 8. HP: 19/54 MP: 8/8
  3063 | D:5      | Found a glowing drain.
  3133 | Sewer    | Entered a sewer
  3567 | D:5      | Reached skill level 10 in Slings
  3596 | D:5      | Reached skill level 5 in Fighting
  3692 | D:4      | Found a sand-covered staircase.
  3692 | D:4      | Noticed Eustachio
  3697 | Ossuary  | Entered an ossuary
  3792 | Ossuary  | Reached XP level 9. HP: 25/61 MP: 9/9
  4194 | D:4      | Killed Eustachio
  4194 | D:4      | Reached skill level 11 in Slings
  4318 | D:4      | Found a staircase to the Ecumenical Temple.
  4490 | Temple   | Entered the Ecumenical Temple
  4498 | Temple   | Became a worshipper of Warmaster Okawaru
  5285 | D:3      | Noticed Sigmund
  5289 | D:3      | Killed Sigmund
  5394 | D:3      | Noticed Grinder
  5486 | D:3      | Killed Grinder
  5536 | D:3      | Found a deep blue altar of Sif Muna.
  5628 | D:3      | Noticed Ijyb
  5629 | D:3      | Killed Ijyb
  6035 | D:5      | Found a hazy altar of Hepliaklqana.
  6035 | D:5      | Found an ancient bone altar of Kikubaaqudgha.
  6171 | D:6      | Reached skill level 12 in Slings
  6275 | D:6      | Reached * piety under Okawaru
  6619 | D:5      | Reached XP level 10. HP: 69/69 MP: 10/10
  7585 | D:7      | Found a glowing silver altar of Zin.
  7937 | D:7      | Reached skill level 1 in Shields
  8310 | D:8      | Reached ** piety under Okawaru
  8470 | D:8      | Noticed a two-headed ogre
  8470 | D:8      | Noticed Harold
  8486 | D:8      | Killed a two-headed ogre
  8490 | D:8      | Slain by Harold

Skill      XL: |  1  2  3  4  5  6  7  8  9 10 |
---------------+-------------------------------+-----
Slings         | 6 7 8 9 10 12 | 12.6
Fighting       | 2 3 4 5 6 7 |  7.8
Dodging        | 3 4 5 6 8 9 |  9.4
Shields        | 4 |  4.3
Stealth        | |  1.1

Action                   |  1- 3 |  4- 6 |  7- 9 | 10-12 || total
-------------------------+-------+-------+-------+-------++-------
Melee: Short sword       |       |       |    22 |       ||    22
 Fire: Hunting sling     |    60 |   171 |   623 |   194 ||  1048
Invok: Heroism           |       |       |       |     1 ||     1
  Use: Scroll            |       |       |    12 |       ||    12
       Potion            |       |       |     1 |       ||     1
  Eat: Chunk             |       |     4 |     5 |     5 ||    14
       Ration            |       |       |     2 |     1 ||     3
Armor: Leather armour    |       |     9 |    53 |       ||    62
       Ring mail         |       |       |     1 |     8 ||     9
Dodge: Dodged            |     4 |    69 |   302 |    49 ||   424
